 Dungeon Crawl Stone Soup version 0.30-a0-845-g7c6808c8ce (webtiles) character file.

Game seed: 4153308118820006793

1175 jasper the Thaumaturge (level 8, 0/48 HPs)
             Began as a Deep Elf Conjurer on Mar 2, 2023.
             Killed by nerve-wracking pain
             ... invoked by an orc priest
              (3 damage)
             ... on level 5 of the Dungeon.
             The game lasted 00:05:48 (4885 turns).

jasper the Thaumaturge (Deep Elf Conjurer)          Turns: 4885, Time: 00:05:49

Health: 0/48       AC:  5    Str:  4    XL:     8   Next: 18%
Magic:  23/32      EV: 19    Int: 26    God:
Gold:   215        SH:  0    Dex: 13    Spells: 8/26 levels left

rFire   . . .      SeeInvis .    n - +0 dagger (drain)
rCold   . . .      Faith    .    (no shield)
rNeg    . . .      Spirit   .    a - +0 robe
rPois   .          Reflect  .    p - +1 helmet
rElec   .          Rampage  .    i - +0 cloak
rCorr   .                        (no gloves)
Will    .....                    (no boots)
Stlth   ++                       s - amulet of magic regeneration
HPRegen 0.28/turn                e - ring of magical power
MPRegen 0.63/turn                h - +5 ring of evasion

@: no status effects
A: no striking features
a: no special abilities


You were on level 5 of the Dungeon.
You visited 1 branch of the dungeon, and saw 5 of its levels.

You collected 215 gold pieces.

Inventory:

Hand Weapons
 n - a +0 dagger of draining (weapon)
Armour
 a - a +0 robe (worn)
 i - a +0 cloak (worn)
 p - a +1 helmet (worn)
Magical Staves
 o - a staff of fire
Jewellery
 e - a ring of magical power (left hand)
 f - a ring of positive energy
 h - a +5 ring of evasion (right hand)
 s - an amulet of magic regeneration (around neck)
Wands
 k - a wand of roots (9)
 u - a wand of charming (6)
Scrolls
 c - a scroll of enchant weapon
 d - a scroll of fear
 g - a scroll of enchant armour
 j - a scroll of immolation
 l - a scroll of identify
 t - a scroll of torment {unknown}
Potions
 b - 2 potions of magic
 m - 2 potions of attraction
 q - a potion of curing
 r - a potion of haste
 v - a potion of degeneration {unknown}
 w - 2 potions of flight {unknown}


   Skills:
 + Level 3.8 Fighting
 + Level 6.2 Dodging
 - Level 2.4 Stealth
 * Level 9.5 Spellcasting
 - Level 4.3 Conjurations


You had 8 spell levels left.
You knew the following spells:

 Your Spells              Type           Power      Damage    Failure   Level
a - Magic Dart            Conj           100%       1d8       1%          1
b - Searing Ray           Conj           70%        2d7       1%          2
c - Cigotuvi's Dreadful   Necr/Pois/Air  24%        N/A       8%          2
d - Iskenderun's Mystic   Conj/Tloc      23%        2d6       21%         4
e - Fulminant Prism       Conj/Hex       11%        3d8       21%         4
f - Yara's Violent Unrav  Hex/Tmut       6%         3d5       80%         5

Your spell library contained the following spells:

 Spells                   Type           Power      Damage    Failure   Level
 Dazzling Flash           Conj/Hex       46%        N/A       6%          3
 Confusing Touch          Hex            12%        N/A       14%         3
 Inner Flame              Hex/Fire       12%        N/A       14%         3
 Kindle Blastsparks       Fire/Tloc/Air  24%        2d12      14%         3
 Dispel Undead            Necr           12%        3d9       43%         4
 Silence                  Hex/Air        6%         N/A       80%         5
 Death Channel            Necr           6%         N/A       100%        6
 Enfeeble                 Hex            6%         N/A       100%        7


Dungeon Overview and Level Annotations

Branches:
Dungeon (5/15)
 Temple: D:4-7

Altars:
Fedhas
Nemelex Xobeh


Message History

You now have 27/32 mp.
The searing ray hits the orc priest!
The orc priest is severely wounded.
The searing ray hits the orc priest!
You kill the orc priest!
Casting: Searing Ray (safe; 1% risk of failure)
Confirm with . or Enter, or press ? or * to list all spells.
Restarting spell: Searing Ray (safe; 1% risk of failure)
Press: ? - help, Shift-Dir - straight line, f - orc priest
Aim: an orc priest, wielding a +0 flail and wearing a +0 chain mail (86% to hit)
The searing ray hits the orc priest but does no damage.
The searing ray misses the orc. (Press . to maintain the ray.)
The orc priest invokes the aid of Beogh against you.
Beogh smites you!
You take 14 damage, and have 26/48 hp.
MASSIVE DAMAGE!!
You now have 25/32 mp.
The searing ray hits the orc priest.
The orc priest is moderately wounded.
The searing ray hits the orc priest.
The orc priest is heavily wounded.
The orc priest mumbles some strange prayers to Beogh against you.
Beogh smites you!
* * * LOW HITPOINT WARNING * * *
You take 15 damage, and have 11/48 hp.
MASSIVE DAMAGE!!
You now have 24/32 mp.
Casting: Searing Ray (safe; 1% risk of failure)
Confirm with . or Enter, or press ? or * to list all spells.
Restarting spell: Searing Ray (safe; 1% risk of failure)
Press: ? - help, Shift-Dir - straight line, f/p - orc priest
Aim: an orc priest, wielding a +0 flail and wearing a +0 chain mail (heavily wounded, 86% to hit)
The searing ray misses the orc priest. (Press . to maintain the ray.)
The orc priest invokes the aid of Beogh against you.
Pain shoots through your body!
* * * LOW HITPOINT WARNING * * *
You take 9 damage, and have 2/48 hp.
You now have 23/32 mp.
The searing ray hits the orc priest.
The orc priest is almost dead.
The orc priest mumbles some strange prayers to Beogh against you.
Pain shoots through your body!
You die...

#.....#.# #..###########
######..###.#...........
#.>....#.########## #
#.##.###.### # ..
####.##......># #
...#...........#.# #
.....##....#####.## ###
# ......###..# #...# #.#
# .. #o.@..# ##.## #.###
....)o###..# #.# #....
.....#.....# ### #..##
..<#.#.##..## #..# ..
#.#.#....# #..# .
#.#.#...## ##.#
#......## ### #.....##
#....##


You could see an orc priest and an orc.

Vanquished Creatures
  Sigmund (D:5)
  A black bear (D:5)
  3 ogres
  A phantom (D:5)
  3 scorpions (D:5)
  A howler monkey (D:5)
  A jelly (D:5)
  2 orc priests
  2 sleepcaps (D:5)
  An iguana (D:5)
  An orc wizard (D:4)
  Robin (D:4)
  7 adders
  2 worms
  13 orcs
  5 ball pythons
  10 bats
  3 endoplasms
  3 giant cockroaches
  10 goblins
  9 hobgoblins
  2 jackals (D:3)
  4 quokkas
  4 frilled lizards
  7 kobolds
  3 rats
100 creatures vanquished.

Notes
Turn   | Place    | Note
-------+----------+-------------------------------------------
     0 | D:1      | jasper the Deep Elf Conjurer began the quest for the Orb.
     0 | D:1      | Reached XP level 1. HP: 10/10 MP: 6/6
   174 | D:1      | Reached XP level 2. HP: 16/16 MP: 5/8
   177 | D:1      | Learned a level 2 spell: Searing Ray
   587 | D:1      | Found a faded altar of an unknown god.
   834 | D:2      | Reached skill level 4 in Spellcasting
  1108 | D:2      | Reached skill level 1 in Fighting
  1108 | D:2      | Reached XP level 3. HP: 20/20 MP: 6/10
  1449 | D:2      | Got Liocsote's Compendium of Obstruction and Relocation
  1508 | D:2      | Found a sparkling altar of Nemelex Xobeh.
  2279 | D:3      | Reached XP level 4. HP: 25/25 MP: 10/12
  2287 | D:3      | Learned a level 2 spell: Cigotuvi's Dreadful Rot
  2588 | D:3      | Found a blossoming altar of Fedhas.
  2931 | D:3      | Reached skill level 5 in Spellcasting
  3188 | D:4      | Noticed an ogre
  3194 | D:4      | Killed an ogre
  3195 | D:4      | Reached XP level 5. HP: 30/30 MP: 5/15
  3200 | D:4      | Learned a level 4 spell: Iskenderun's Mystic Blast
  3205 | D:4      | Learned a level 4 spell: Fulminant Prism
  3279 | D:4      | Noticed an ogre
  3285 | D:4      | Killed an ogre
  3286 | D:4      | Reached skill level 6 in Spellcasting
  3390 | D:4      | Reached XP level 6. HP: 35/35 MP: 12/17
  3465 | D:4      | Noticed Robin
  3474 | D:4      | Killed Robin
  4170 | D:5      | Entered Level 5 of the Dungeon
  4190 | D:5      | Reached skill level 7 in Spellcasting
  4298 | D:5      | Reached skill level 5 in Dodging
  4298 | D:5      | Reached XP level 7. HP: 40/40 MP: 20/20
  4411 | D:5      | Reached skill level 8 in Spellcasting
  4437 | D:5      | Noticed Sigmund
  4447 | D:5      | Killed Sigmund
  4603 | D:5      | Reached skill level 9 in Spellcasting
  4603 | D:5      | Reached XP level 8. HP: 41/47 MP: 23/23
  4609 | D:5      | Learned a level 5 spell: Yara's Violent Unravelling
  4884 | D:5      | HP: 2/48 [orc priest/nerve-wracking pain (9)]
  4885 | D:5      | Killed from afar by an orc priest

Illustrated notes

Levels and vault maps discovered:
D:1:      lightli_arrival_chessboard, layout_rooms,
          shapermc_ecumenical_altar_pompeii, hangedman_decor_clover_reticule,
          minmay_cupped
D:2:      layout_loops_corners, basic_altar
D:3:      layout_loops_corners, fedhas_altar_3
D:4:      cheibrodos_pilgrimage, layout_loops_ring, amcnicky_mini_pool_small,
          uniq_robin
D:5:      black_bear_nest_1, layout_loops_ring, amcnicky_altar_gilded,
          minmay_overflow_temple_star_hex, serial_glass, glass_columns_b,
          glass_columns_a, kennysheep_generic_room_8, uniq_sigmund

Skill      XL: |  1  2  3  4  5  6  7 |
---------------+----------------------+-----
Spellcasting   | 4 5 6 7 9 |  9.5
Fighting       | 1 2 3 |  3.8
Dodging        | 3 4 5 6 |  6.2
Stealth        | |  2.4
Conjurations   | |  4.3

Action                     |  1- 3 |  4- 6 |  7- 9 || total
---------------------------+-------+-------+-------++-------
  Melee: Dagger            |       |     3 |       ||     3
   Cast: Magic Dart        |    74 |    71 |    25 ||   170
         Searing Ray       |     2 |    12 |    15 ||    29
    Use: Scroll            |     4 |     4 |       ||     8
 Armour: Robe              |       |     3 |     2 ||     5
  Dodge: Dodged            |     2 |    22 |    12 ||    36

Table legend: (Time is in decaauts)
 A = Elapsed time spent in this place.
 B = Non-inter-level travel time spent in this place.
 C = Inter-level travel time spent in this place.
 D = Time resting spent in this place.
 E = Time spent auto-exploring this place.
 F = Levels seen in this place.
 G = Mean time per level.
                   A        B        C        D        E       F      G
               +--------+--------+--------+--------+--------+-----+--------+
         Total |   4881 |   4735 |    146 |     55 |   4174 |   5 |  976.2 |
       Dungeon |   4881 |   4735 |    146 |     55 |   4174 |   5 |  976.2 |
               +--------+--------+--------+--------+--------+-----+--------+

Top non-repeatable levels by time:
     D:3: 1226 daAuts
     D:2: 1080 daAuts
     D:4: 1035 daAuts
     D:1: 825 daAuts
     D:5: 713 daAuts
